 Dungeon Crawl Stone Soup version 0.18-b1-22-ge198996 (webtiles) character file.

1673 graki42 the Thaumaturge (level 8, -8/44 HPs)
             Began as a Deep Elf Conjurer on May 5, 2016.
             Mangled by an ogre
             ... wielding a +0 giant spiked club
              (32 damage)
             ... on level 5 of the Dungeon.
             The game lasted 00:19:14 (3911 turns).

graki42 the Thaumaturge (Deep Elf Conjurer)         Turns: 3911, Time: 00:19:15

Health: -8/44      AC:  5    Str:  7    XL:     8   Next: 70%
Magic:  20/38      EV: 16    Int: 21    God:
Gold:   203        SH:  0    Dex: 15    Spells: 3 memorised, 19 levels left

rFire  . . .     SeeInvis .     s - staff of power
rCold  . . .     Gourm    .     a - +1 robe
rNeg   . . .     Faith    .     (no shield)
rPois  .         Spirit   .     (no helmet)
rElec  .         Dismiss  .     u - +1 cloak
rCorr  .         Reflect  .     (no gloves)
SustAt .         Harm     .     (no boots)
MR     +....                    (no amulet)
Stlth  +++.......               (no ring)
                                w - ring of protection from magic

@: somewhat resistant to hostile enchantments, fairly stealthy
A: no striking features
a: no special abilities


You were on level 5 of the Dungeon.
You were very hungry.

You visited 1 branch of the dungeon, and saw 5 of its levels.
You also visited: Sewer.

You collected 203 gold pieces.

Inventory:

Hand Weapons
 p - a +2 dagger of venom
Armour
 a - a +1 robe (worn)
 u - a +1 cloak (worn)
Magical Staves
 s - an uncursed staff of power (weapon)
Jewellery
 w - a ring of protection from magic (left hand)
Wands
 E - a wand of enslavement (10/24)
Scrolls
 h - 3 scrolls of immolation {unknown}
 i - a scroll of amnesia
 n - a scroll of enchant armour
 o - 4 scrolls of identify
 q - a scroll of blinking {unknown}
 r - a scroll of fear {unknown}
 y - a scroll of remove curse
 z - a scroll of magic mapping {unknown}
 C - a scroll of enchant weapon {unknown}
Potions
 e - a potion of might {unknown}
 f - 5 potions of curing {unknown}
 g - 4 potions of agility {unknown}
 j - a potion of heal wounds
 k - 2 potions of invisibility {unknown}
 l - 2 potions of flight {unknown}
 m - a potion of resistance {unknown}
 v - a potion of brilliance {unknown}
 x - a potion of lignification {unknown}
 A - 2 potions of haste {unknown}
Books
 b - a book of Conjurations

   Spells                             Type                      Level
   a - Magic Dart                     Conjuration                  1
   b - Searing Ray                    Conjuration                  2
   c - Dazzling Spray                 Conjuration/Hexes            3
   d - Fulminant Prism                Conjuration/Hexes            4
   e - Iskenderun's Mystic Blast      Conjuration                  4
   f - Iskenderun's Battlesphere      Conjuration/Charms           5
Comestibles
 c - 3 bread rations
 d - 2 beef jerkies
 t - 2 meat rations
 B - 3 fruits
 D - a slice of pizza


   Skills:
 + Level 1.7 Fighting
 + Level 6.6 Dodging
 + Level 4.4 Stealth
 + Level 0.4 Unarmed Combat
 + Level 9.1 Spellcasting
 + Level 7.8 Conjurations
 + Level 2.0 Hexes


You had 19 spell levels left.
You knew the following spells:

 Your Spells              Type           Power        Failure   Level  Hunger
a - Magic Dart            Conj           ####         1%          1    None
b - Searing Ray           Conj           #####.       1%          2    None
c - Dazzling Spray        Conj/Hex       ####....     2%          3    None


Dungeon Overview and Level Annotations

Branches:
Dungeon (5/15)
 Temple: D:4-7

Altars:
Dithmenos
Fedhas
Nemelex Xobeh
Qazlal
Ru
Xom
Zin

Shops:
D:4 [


Message History

That felt strangely unrewarding.
Something hits the freed slave!!
The freed slave dies!
Unknown command.
An ogre comes into view. It is wielding a giant spiked club.
You barely miss the ogre. The ogre misses you.
Casting: Searing Ray
Confirm with . or Enter, or press ? or * to list all spells.
Aiming: Searing Ray
Press: ? - help, Shift-Dir - straight line, f - ogre
Aim: an ogre, wielding a giant spiked club The searing ray hits the ogre.
The ogre is lightly wounded.
The ogre hits you with a giant spiked club!
The searing ray hits the ogre.
The ogre is moderately wounded.
The searing ray hits the ogre.
The ogre is heavily wounded.
The ogre hits you with a giant spiked club!!
Ouch! That really hurt!
You die...

...).....# #####.##§§§...§§§#..
#.#......# #####(....§...(§....
..#......# #.........§§_....§..
#####...)########.#...§§§....§..#
....÷....)).........#§§§§..§§§#..
#################.####.§§§.§§##..
# #.....#...###§§..§###.#
###########.###.##### ##..§## #.#
.^..........# #.@.# #...# #..
############# ###O# #...######
#)# ###....... #[# #######. ...
#. ... ###. ..... #... ..... #.#.
......# #.#.


You could see an ogre.

Vanquished Creatures
  Pikel (D:5)
  Grinder (D:3)
  Sigmund (D:5)
  Eustachio (D:5)
  An ice beast (D:5)
  Purgy (Sewer)
  An ogre (D:4)
  2 slaves (D:5)
  A centaur (D:4)
  Blork the orc (D:5)
  The ghost of graki42 the Magician, an amateur DEFE (Sewer)
  An orc wizard (D:5)
  2 worker ants (D:4)
  An iguana (D:5)
  A howler monkey skeleton (D:4)
  3 gnolls (D:3)
  4 adders
  A river rat (D:3)
  2 worms
  2 dart slugs
  2 giant geckos
  4 orcs (D:5)
  5 bats
  6 giant cockroaches
  10 goblins
  3 hobgoblins
  13 jackals
  4 quokkas
  3 ball pythons
  A giant newt (D:2)
  13 kobolds
  A quokka zombie (D:5)
  8 rats
102 creatures vanquished.

Vanquished Creatures (others)
  A slave (D:5)
1 creature vanquished.

Grand Total: 103 creatures vanquished

Notes
Turn   | Place    | Note
--------------------------------------------------------------
     0 | D:1      | graki42 the Deep Elf Conjurer began the quest for the Orb.
     0 | D:1      | Reached XP level 1. HP: 10/10 MP: 6/6
   232 | D:1      | Reached XP level 2. HP: 10/15 MP: 0/8
   639 | D:1      | Reached skill level 5 in Conjurations
   737 | D:1      | Learned a level 2 spell: Searing Ray
   771 | D:2      | Reached XP level 3. HP: 19/19 MP: 2/10
   971 | D:2      | Learned a level 3 spell: Dazzling Spray
  1044 | D:2      | Reached skill level 4 in Spellcasting
  1300 | D:3      | Reached XP level 4. HP: 16/24 MP: 2/12
  1315 | D:3      | Found a stormy altar of Qazlal.
  1359 | D:3      | Found a glowing drain.
  1452 | Sewer    | Entered a sewer
  1462 | Sewer    | Noticed graki42's ghost (amateur DEFE)
  1468 | Sewer    | Killed graki42's ghost
  1468 | Sewer    | Reached skill level 5 in Spellcasting
  1468 | Sewer    | Reached XP level 5. HP: 14/28 MP: 0/14
  1737 | Sewer    | Noticed Purgy
  1751 | Sewer    | Killed Purgy
  1751 | Sewer    | Reached skill level 1 in Hexes
  1927 | D:3      | Reached XP level 6. HP: 33/33 MP: 16/16
  1989 | D:3      | Reached skill level 1 in Fighting
  1998 | D:3      | Found a blossoming altar of Fedhas.
  2056 | D:3      | Noticed Grinder
  2084 | D:3      | Killed Grinder
  2084 | D:3      | Reached skill level 6 in Spellcasting
  2369 | D:3      | Reached XP level 7. HP: 38/38 MP: 18/18
  2493 | D:4      | Found Kenwesab's Armour Boutique.
  2639 | D:4      | Found a glowing silver altar of Zin.
  2639 | D:4      | Found a shimmering altar of Xom.
  2640 | D:4      | Noticed an angel
  2715 | D:4      | Reached skill level 5 in Dodging
  2757 | D:4      | Found a sparkling altar of Nemelex Xobeh.
  3049 | D:4      | Reached skill level 7 in Spellcasting
  3323 | D:5      | Entered Level 5 of the Dungeon
  3413 | D:5      | Found a shadowy altar of Dithmenos.
  3424 | D:5      | Noticed Sigmund
  3434 | D:5      | Killed Sigmund
  3443 | D:5      | Found a sacrificial altar of Ru.
  3455 | D:5      | Noticed Eustachio
  3470 | D:5      | Killed Eustachio
  3470 | D:5      | Reached XP level 8. HP: 38/43 MP: 12/21
  3487 | D:5      | Reached skill level 8 in Spellcasting
  3676 | D:5      | Noticed Blork the orc
  3680 | D:5      | Killed Blork the orc
  3889 | D:5      | Noticed Pikel
  3898 | D:5      | Killed Pikel
  3898 | D:5      | Reached skill level 9 in Spellcasting
  3911 | D:5      | Mangled by an ogre

Skill      XL: |  1  2  3  4  5  6  7  8 |
---------------+-------------------------+-----
Conjurations   | 5 6 7 |  7.8
Spellcasting   | 4 5 6 7 9 |  9.1
Dodging        | 3 4 5 6 |  6.6
Hexes          | 1 2 |  2.0
Fighting       | 1 |  1.7
Stealth        | 3 4 |  4.4
Unarmed Combat | |  0.4

Action                   |  1- 3 |  4- 6 |  7- 9 || total
-------------------------+-------+-------+-------++-------
Melee: Unarmed           |    17 |       |       ||    17
       Dagger            |       |    15 |       ||    15
       Staff             |       |       |     2 ||     2
 Cast: Magic Dart        |    84 |    53 |    78 ||   215
       Dazzling Spray    |     2 |       |    11 ||    13
       Searing Ray       |       |     8 |     6 ||    14
  Use: Scroll            |     5 |       |       ||     5
 Stab: Sleeping          |     1 |       |     1 ||     2
  Eat: Chunk             |     1 |     3 |     4 ||     8
Armor: Robe              |     4 |     5 |     7 ||    16
Dodge: Dodged            |    31 |    31 |    31 ||    93
